 Dungeon Crawl Stone Soup version 0.27.1-34-g3ba077fa99 (webtiles) character file.

Game seed: 1775176439368661547

73 cbfl8 the Shield-Bearer (level 4, -6/40 HPs)
             Began as a Minotaur Fighter on Jan 26, 2022.
             Mangled by an ogre (27 damage)
             ... on level 3 of the Dungeon.
             The game lasted 00:04:17 (1869 turns).

cbfl8 the Shield-Bearer (Minotaur Fighter)          Turns: 1869, Time: 00:04:18

Health: -6/40      AC:  8    Str: 22    XL:     4   Next: 8%
Magic:  3/3        EV:  7    Int:  5    God:
Gold:   94         SH:  9    Dex:  9    Spells: 3/3 levels left

rFire    . . .     SeeInvis .   j - +0 whip (venom)
rCold    . . .     Faith    .   c - +0 kite shield
rNeg     . . .     Spirit   .   b - +0 scale mail
rPois    .         Reflect  .   (helmet restricted)
rElec    .         Harm     .   f - +0 cloak
rCorr    .         Rampage  .   (no gloves)
Will     .....                  (no boots)
Stlth    ..........             (no amulet)
HPRegen  0.13/turn              (no ring)
MPRegen  0.08/turn              (no ring)

@: no status effects
A: horns 2, retaliatory headbutt
a: no special abilities


You were on level 3 of the Dungeon.
You visited 1 branch of the dungeon, and saw 3 of its levels.

You collected 94 gold pieces.

Inventory:

Hand Weapons
 a - a +0 war axe
 j - a +0 whip of venom (weapon)
Missiles
 h - 34 arrows
 m - 8 boomerangs (quivered)
Armour
 b - a +0 scale mail (worn)
 c - a +0 kite shield (worn)
 f - a +0 cloak (worn)
Scrolls
 i - 2 scrolls of identify {unknown}
 n - a scroll of amnesia {unknown}
 o - a scroll of magic mapping {unknown}
Potions
 d - a potion of might
 e - a potion of attraction {unknown}
 g - a potion of resistance {unknown}
 k - a potion of cancellation {unknown}
 l - 2 potions of brilliance {unknown}


   Skills:
 + Level 3.8 Fighting
 + Level 3.3 Axes
 + Level 0.4(2.1) Maces & Flails
 + Level 4.2 Armour
 + Level 0.1 Dodging
 + Level 4.8 Shields


You had 3 spell levels left.
You didn't know any spells.
Your spell library was empty.

Dungeon Overview and Level Annotations

Branches:
Dungeon (3/15)

Altars:

Shops:
D:1 :

Annotations:
D:2 Jessica


Innate Abilities, Weirdness & Mutations

You have a pair of horns on your head.
You reflexively headbutt those who attack you in melee.


Message History

You closely miss the orc priest.
The orc priest is moderately wounded.
The orc priest hits you with a +0 dagger.
You hit the orc priest.
The orc priest looks as sick as possible!
The orc priest is severely wounded.
You kill the orc priest!
You have reached level 4!
You feel stronger.
Things that are here:
a +0 dagger; an orc corpse
Found a stone staircase leading down.
Found a grey potion.
There is an open door here.
You open the door.
There is an open door here.
Found a stone staircase leading down.
Found 7 gold pieces.
Number of times to repeat, then command key: You must enter the number of times for the command to repeat.
HP restored.
You now have 94 gold pieces (gained 7).
You open the door.
There is an open door here.
Found a book of Dangerous Friends.
l - 2 grey potions (gained 1)
An ogre comes into view. It is wielding a +0 giant spiked club.
The ogre shouts!
You block the ogre's attack.
The ogre hits you with a +0 giant spiked club!!
You hit the ogre. You headbutt the ogre!
The ogre is heavily wounded.
You barely miss the ogre. You headbutt the ogre!
The ogre is almost dead.
You block the ogre's attack.
You hit the ogre.
The ogre is poisoned.
The ogre is almost dead.
The ogre hits you with a +0 giant spiked club!!
Ouch! That really hurt!
You die...

#.# #.# ##.###
....### #.#... #
##.#.#####
##.##........#
#.....@O.#
#..#.:...#
..##....#
.........# .###
#.####.#.#######
..# ..#
#.####.#........
#.# # ..#
#........#######
#.# .# ##.#
#####...## #.#
#.###..#
##.....## ####.#


You could see an ogre (very poisoned).

Vanquished Creatures
  An orc priest (D:3)
  A gnoll (D:1)
  A worm (D:2)
  2 orcs (D:3)
  A ball python (D:1)
  A giant cockroach (D:3)
  5 goblins
  2 hobgoblins (D:1)
  2 jackals (D:1)
  A quokka (D:1)
  5 bats
  3 frilled lizards (D:1)
  6 kobolds
31 creatures vanquished.

Notes
Turn   | Place    | Note
-------+----------+-------------------------------------------
     0 | D:1      | cbfl8 the Minotaur Fighter began the quest for the Orb.
     0 | D:1      | Reached XP level 1. HP: 19/19 MP: 0/0
   298 | D:1      | Reached XP level 2. HP: 27/27 MP: 1/1
   574 | D:1      | Found Oxawn's Book Boutique.
  1026 | D:1      | Reached XP level 3. HP: 23/33 MP: 2/2
  1518 | D:2      | Noticed Jessica
  1718 | D:3      | Reached XP level 4. HP: 25/40 MP: 3/3
  1861 | D:3      | Noticed an ogre
  1869 | D:3      | Mangled by an ogre

Illustrated notes

Levels and vault maps discovered:
D:1:      mrwooster_arrival_statue, layout_loops_corners, serial_shops, shop,
          grunt_decor_junction, minmay_tree_intersection,
          minmay_misc_feat_more_columns, minmay_split_cup_large
D:2:      layout_rooms, hellmonk_ecumenical_altar_blasted, basic_altar,
          uniq_jessica
D:3:      layout_loops_corners, uniq_natasha

Skill      XL: |  1  2 |
---------------+-------+-----
Axes           | 3 |  3.3
Armour         | 4 |  4.2
Shields        | 4 |  4.8
Fighting       | |  3.8
Maces & Flails | |  0.4
Dodging        | |  0.1

Action                   |  1- 3 |  4- 6 || total
-------------------------+-------+-------++-------
Melee: War axe           |    41 |       ||    41
       Headbutt          |    10 |     2 ||    12
       Whip              |    30 |     3 ||    33
Armor: Scale mail        |    46 |       ||    46
Dodge: Dodged            |    38 |       ||    38
Block: Kite shield       |    42 |     2 ||    44
